 Dungeon Crawl Stone Soup version 0.22.1-6-g1668fe2c40 (webtiles) character file.

3105 Gabide the Arsonist (level 9, -6/62 HPs)
             Began as a Hill Orc Fire Elementalist on Jan 22, 2019.
             Was a Follower of Vehumet.
             Mangled by a two-headed ogre
             ... wielding a cursed +0 giant club
              (18 damage)
             ... on level 9 of the Dungeon.
             The game lasted 00:31:09 (12446 turns).

Gabide the Arsonist (Hill Orc Fire Elementalist)   Turns: 12446, Time: 00:31:10

Health: -6/62      AC:  6    Str: 11    XL:     9   Next: 90%
Magic:  0/26       EV: 12    Int: 23    God:    Vehumet [*.....]
Gold:   321        SH:  0    Dex: 11    Spells: 5/19 levels left

rFire    . . .     SeeInvis .   m - +3 quarterstaff (chaos)
rCold    . . .     Gourm    .   (shield currently unavailable)
rNeg     . . .     Faith    +   a - +1 robe
rPois    .         Spirit   +   o - +0 helmet
rElec    .         Reflect  .   t - scarf {Spirit}
rCorr    .         Harm     .   n - +1 pair of gloves
MR       +....     Clarity  +   (no boots)
Stlth    ++........             p - amulet of faith
HPRegen  0.20/turn              i - ring of magical power
MPRegen  0.20/turn              b - ring of protection from magic

@: brilliant
A: clarity, subdued magic 1
a: Renounce Religion


You were on level 9 of the Dungeon.
You worshipped Vehumet.
Vehumet was aware of your devotion.
You were very hungry.

You visited 2 branches of the dungeon, and saw 10 of its levels.

You collected 321 gold pieces.

Inventory:

Hand Weapons
 m - a +3 quarterstaff of chaos (weapon)
Armour
 a - a +1 robe (worn)
 n - a +1 pair of gloves (worn)
 o - a +0 helmet (worn)
 s - a +1 cloak
 t - a scarf of spirit shield (worn)
Jewellery
 b - a ring of protection from magic (right hand)
 i - a ring of magical power (left hand)
 p - an amulet of faith (around neck)
Wands
 q - a wand of acid (2)
 u - a wand of paralysis (15)
 x - a wand of clouds (6)
 y - a wand of flame (84)
Scrolls
 e - 2 scrolls of amnesia
 k - 2 scrolls of magic mapping
 v - 5 scrolls of remove curse
Potions
 d - 2 potions of flight
 f - 2 potions of might
 g - a potion of brilliance
 h - 2 potions of curing
 j - 2 potions of agility {unknown}
 l - a potion of resistance
 r - a potion of berserk rage {unknown}
 w - 2 potions of ambrosia {unknown}
Comestibles
 c - 11 rations


   Skills:
 - Level 1.0 Staves
 - Level 1.7 Armour
 + Level 2.6 Dodging
 + Level 2.7 Stealth
 - Level 0.6 Unarmed Combat
 + Level 5.6 Spellcasting
 + Level 6.7 Conjurations
 + Level 0.4 Hexes
 + Level 9.2 Fire Magic
 + Level 1.4 Evocations


You had 5 spell levels left.
You knew the following spells:

 Your Spells              Type           Power        Failure   Level  Hunger
a - Flame Tongue          Conj/Fire      #####        1%          1    None
b - Throw Flame           Conj/Fire      #####.       1%          2    None
c - Inner Flame           Hex/Fire       ####....     1%          3    #......
d - Conjure Flame         Conj/Fire      #####...     1%          3    #......
e - Fireball              Conj/Fire      #####.....   1%          5    #####..

Your spell library contained the following spells:

 Spells                   Type           Power        Failure   Level  Hunger
 Magic Dart               Conj           ####         1%          1    None
 Animate Skeleton         Necr           N/A          1%          1    None
 Apportation              Tloc           ###...       1%          1    None
 Confusing Touch          Hex            ###...       1%          1    None
 Pain                     Necr           ###.         1%          1    None
 Shock                    Conj/Air       ####         1%          1    None
 Summon Small Mammal      Summ           ###.         1%          1    None
 Swiftness                Chrm/Air       ###.....     1%          2    None
 Static Discharge         Conj/Air       ####....     1%          3    #......
 Sticky Flame             Conj/Fire      #####...     1%          4    ###....
 Regeneration             Chrm/Necr      ###.......   2%          3    #......
 Vampiric Draining        Necr           ###.......   2%          3    #......
 Lightning Bolt           Conj/Air       ####......   6%          5    #####..
 Airstrike                Air            ###.......   9%          4    ###....
 Animate Dead             Necr           N/A          9%          4    ###....


Dungeon Overview and Level Annotations

Branches:
Dungeon (9/15)             Temple (1/1) D:4
   Lair: D:8-11         Orc: D:9-12

Altars:
Ashenzari
Cheibriados
Dithmenos
Elyvilon
Hepliaklqana
Makhleb
Nemelex Xobeh
Okawaru
Qazlal
Ru
Trog
Uskayaw
Vehumet
Wu Jian
Xom
Yredelemnul
The Shining One

Shops:
D:8 }


Innate Abilities, Weirdness & Mutations

You possess an exceptional clarity of mind.
Your spells are a little easier to cast, but a little less powerful.


Message History

A jackal comes into view.
The adder barely misses you.
A worker ant comes into view.
The water moccasin misses you. The hound bites you.
The water moccasin bites you but does no damage.
Found 7 needles of frenzy.
The jackal barks!
The hound barely misses you. The adder closely misses you.
You feel better.
The worker ant twitches its antennae in your direction.
The hound bites you. The water moccasin bites you.
You are poisoned.
The water moccasin poisons you! The hound closely misses you.
The adder barely misses you.
You feel better. The water moccasin bites you. The hound closely misses you.
The adder bites you but does no damage.
The two-headed ogre hits you with a giant club!
* * * LOW HITPOINT WARNING * * *
The two-headed ogre hits you with a giant club!!
You die...

..............#.
.................
.................
.................
....†...<........
.................
.................
......OSS..o.....
.......@h......#.
.........a....##
.............##
..............#
....#......h...#
...###..........
..# ##(........
.. .........


You could see a two-headed ogre, a water moccasin, a hound, a worker ant, an
adder, an orc and a jackal.

Vanquished Creatures
  Pikel (D:5)
  A wraith (D:6)
  Menkaure (D:5)
  A water moccasin (D:8)
  Duvessa (D:7)
  A slave (D:5)
  3 ice beasts
  A sky beast (D:7)
  2 black bears
  2 phantoms
  An ogre (D:4)
  4 centaurs
  A big kobold (D:8)
  Dowan (D:7)
  2 water moccasin zombies
  2 scorpions
  3 howler monkeys
  2 bullfrog zombies
  A crimson imp (D:8)
  4 hounds
  An orc priest (D:7)
  Crazy Yiuf (D:3)
  A jelly (D:5)
  An orc wizard (D:6)
  An iguana (D:4)
  3 worker ants
  A howler monkey zombie (D:7)
  4 gnolls
  6 adders
  A shadow imp (D:6)
  An ooze (D:2)
  2 worms
  2 dart slugs
  3 leopard geckos
  14 orcs
  6 giant cockroaches
  9 goblins
  3 hobgoblins (D:1)
  8 kobolds
  3 quokkas
  A ball python (D:2)
  7 bats
  11 frilled lizards
  6 rats
131 creatures vanquished.

Notes
Turn   | Place    | Note
-------+----------+-------------------------------------------
     0 | D:1      | Gabide the Hill Orc Fire Elementalist began the quest for
                  | the Orb.
     0 | D:1      | Reached XP level 1. HP: 14/14 MP: 3/3
   200 | D:1      | Reached XP level 2. HP: 12/20 MP: 0/4
   451 | D:1      | Learned a level 2 spell: Throw Flame
   565 | D:1      | Reached XP level 3. HP: 24/26 MP: 0/5
  1148 | D:1      | Reached skill level 4 in Fire Magic
  1874 | D:2      | Reached XP level 4. HP: 33/33 MP: 6/6
  2205 | D:2      | Learned a level 3 spell: Inner Flame
  3480 | D:3      | Found a runed door.
  3485 | D:3      | Noticed Crazy Yiuf
  3784 | D:3      | Paralysed by Crazy Yiuf for 3 turns
  3787 | D:3      | Killed Crazy Yiuf
  3787 | D:3      | Reached XP level 5. HP: 20/38 MP: 6/8
  4039 | D:3      | Gained mutation: Your spells are a little easier to cast,
                  | but a little less powerful. [potion of mutation]
  4039 | D:3      | Gained mutation: You possess an exceptional clarity of
                  | mind. [potion of mutation]
  4515 | D:4      | Found a staircase to the Ecumenical Temple.
  4530 | D:4      | Reached skill level 1 in Armour
  4660 | Temple   | Entered the Ecumenical Temple
  4793 | Temple   | Became a worshipper of Vehumet
  5016 | D:4      | Noticed an ogre
  5021 | D:4      | Killed an ogre
  5021 | D:4      | Reached XP level 6. HP: 45/45 MP: 7/10
  5097 | D:4      | Learned a level 3 spell: Conjure Flame
  5238 | D:5      | Entered Level 5 of the Dungeon
  5291 | D:5      | Found a radiant altar of Vehumet.
  5340 | D:5      | Reached skill level 5 in Fire Magic
  5503 | D:5      | Noticed a phantom
  5511 | D:5      | Killed a phantom
  5511 | D:5      | Reached XP level 7. HP: 28/50 MP: 11/11
  5715 | D:5      | Noticed Menkaure
  5719 | D:5      | Killed Menkaure
  5719 | D:5      | Reached skill level 1 in Staves
  5870 | D:5      | Noticed Pikel
  5888 | D:5      | Killed Pikel
  5888 | D:5      | Reached skill level 6 in Fire Magic
  5888 | D:5      | Reached XP level 8. HP: 57/57 MP: 1/13
  6188 | D:5      | Found a basalt altar of Yredelemnul.
  6664 | D:6      | Reached skill level 5 in Conjurations
  6904 | D:6      | Reached skill level 7 in Fire Magic
  7149 | D:6      | Reached skill level 1 in Evocations
  7252 | D:6      | Learned a level 5 spell: Fireball
  8533 | D:7      | Reached XP level 9. HP: 62/62 MP: 7/16
  9340 | D:7      | Reached skill level 5 in Spellcasting
  9948 | D:7      | Reached skill level 8 in Fire Magic
 10076 | D:7      | Reached * piety under Vehumet
 10076 | D:7      | Offered knowledge of Magic Dart by Vehumet.
 10315 | D:7      | Noticed Duvessa
 10317 | D:7      | Noticed Dowan
 10322 | D:7      | Killed Duvessa
 10328 | D:7      | Killed Dowan
 11465 | D:8      | Reached skill level 9 in Fire Magic
 11684 | D:8      | Found Zeyrghy's Gadget Boutique.
 11811 | D:8      | Found a shadowy altar of Dithmenos.
 12432 | D:9      | Noticed a two-headed ogre
 12446 | D:9      | Mangled by a two-headed ogre

Skill      XL: |  1  2  3  4  5  6  7  8  9 |
---------------+----------------------------+-----
Fire Magic     | 4 5 6 7 9 |  9.2
Conjurations   | 2 3 4 5 6 |  6.7
Spellcasting   | 2 3 4 5 |  5.6
Armour         | 1 |  1.7
Dodging        | 2 |  2.6
Stealth        | 2 |  2.7
Staves         | 1 |  1.0
Evocations     | 1 |  1.4
Unarmed Combat | |  0.6
Hexes          | |  0.4

Action                   |  1- 3 |  4- 6 |  7- 9 || total
-------------------------+-------+-------+-------++-------
Melee: Unarmed           |    26 |       |       ||    26
       Dagger            |    13 |     1 |       ||    14
       Quarterstaff      |       |     7 |    15 ||    22
 Cast: Flame Tongue      |    20 |    35 |    58 ||   113
       Throw Flame       |    31 |    73 |    98 ||   202
       Conjure Flame     |       |       |     7 ||     7
       Inner Flame       |       |       |     2 ||     2
       Fireball          |       |       |    41 ||    41
Evoke: Wand              |       |       |     4 ||     4
  Use: Scroll            |     7 |    14 |    12 ||    33
       Potion            |       |     2 |     4 ||     6
 Stab: Sleeping          |     1 |       |       ||     1
  Eat: Chunk             |     5 |    10 |     8 ||    23
       Ration            |       |     2 |     9 ||    11
Armor: Robe              |    13 |     3 |    28 ||    44
       Leather armour    |       |     3 |       ||     3
Dodge: Dodged            |    22 |    20 |    57 ||    99
